Description

awdawd

Build Order

Get SALT Encoding   

  12  1:00  SCV  Rally to front of base then rally back to minerals
  13  2:00  SCV  
  14  3:00  Supply Depot  Depot at top of ramp
  16  4:00  Barracks  Next to depot then rally to natural
  16  5:00  Refinery  Send and scv to scout-Fill gas when finished
  19  6:00  Orbital Command  
  19  7:00  Barracks Reactor  
  19  8:00  Command Center  
  19  9:00  Supply Depot  Next to barracks
  21  10:00  Marine  Rally on top of ramp
  21  11:00  Marine  
  24  12:00  Barracks  
  24  13:00  Barracks  
  24  14:00  Refinery  Fill up when finished
  25  15:00  Marine  Non stop marine production
  25  16:00  Marine  
  31  17:00  Orbital Command  
  32  18:00  Barracks Tech Lab  
  32  19:00  Barracks Tech Lab  
  35  20:00  Factory  
  39  21:00  Stimpack  
  39  22:00  Combat Shield  
  34  23:00  Bunker  If enemy hasnt expanded then take a bunker at front of base
  40  24:00  SCV  Start Macrocycle
Spawning Tool Build Advisor. Get it on Overwolf

Analysis

awdawd

Go to:

Details

  • Created by: Maltemaster29
  • Published on: Jan 06, 2022
  • Modified on: Jan 07, 2022
  • Patch: 4.11.0
  • Difficulty: Easy
Show
View Real Time Build Order
Export as new Build Order

Comments (0)

There are no comments. Be the first!

Create an account to comment!